 Dungeon Crawl Stone Soup version 0.31.0-12-g77e489cdc1 (webtiles) character file.

Game seed: 16781800973904310090

11 Gadfly the Sneak (level 2, -3/13 HPs)
             Began as a Spriggan Enchanter on Feb 18, 2024.
             Slain by a kobold
             ... wielding a +4 dagger
              (5 damage)
             ... on level 1 of the Dungeon.
             The game lasted 00:00:39 (321 turns).

Gadfly the Sneak (Spriggan Enchanter)                Turns: 321, Time: 00:00:39

Health: -3/13      AC:  2    Str:  4    XL:     2   Next: 17%
Magic:  6/6        EV: 17    Int: 16    God:
Gold:   21         SH:  0    Dex: 15    Spells: 4/6 levels left

rFire   . . .        b - +0 dagger (venom)
rCold   . . .        (no shield)
rNeg    . . .        f - +0 robe
rPois   .            (helmet restricted)
rElec   .            (no cloak)
rCorr   .            (gloves unavailable)
SInv    +            (boots unavailable)
Will    .....        (no amulet)
Stlth   +++          (no ring)
HPRegen 0.22/turn    (no ring)
MPRegen 0.10/turn

%: no passive effects
@: very quick
A: very small, no large weapons, unfitting armour, see invisible, speed 3
a: no special abilities


You were on level 1 of the Dungeon.
You visited 1 branch of the dungeon, and saw 1 of its levels.

You collected 21 gold pieces.

Inventory:

Hand Weapons
 a - a +1 dagger
 b - a +0 dagger of venom (weapon)
Armour
 f - a +0 robe (worn)
Scrolls
 e - 2 scrolls of teleportation {unknown}
 g - a scroll of vulnerability {unknown}
 h - a scroll of immolation {unknown}
Potions
 c - 2 potions of invisibility
 d - a potion of mutation {unknown}
 i - a potion of resistance {unknown}


   Skills:
 + Level 0.2 Fighting
 + Level 1.3 Short Blades
 + Level 2.9 Dodging
 + Level 4.5 Stealth
 + Level 2.8 Spellcasting
 + Level 3.7 Hexes
 + Level 1.1 Evocations


You had 4 spell levels left.
You knew the following spells:

 Your Spells              Type           Power      Damage    Failure   Level
a - Ensorcelled Hibernat  Hex/Ice        16%        N/A       14%         2

Your spell library contained the following spells:

 Spells                   Type           Power      Damage    Failure   Level
 Confusing Touch          Hex            14%        N/A       12%         3
 Tukima's Dance           Hex            14%        N/A       12%         3
 Dazzling Flash           Conj/Hex       16%        N/A       26%         3


Dungeon Overview and Level Annotations

Branches:
Dungeon (1/15)

Altars:


Innate Abilities, Weirdness & Mutations

You are very small and have problems with some larger weapons.
You are too small for most types of armour.
You have supernaturally acute eyesight. (SInv)
You cover ground extremely quickly. (Speed+++)


Message History

A ball python comes into view.
A ball python is nearby!
The ball python hisses angrily.
The ball python completely misses you. The ball python misses you.
You hit the ball python but do no damage.
The ball python completely misses you. The ball python closely misses you.
You hit the ball python.
You kill the ball python!
No target in view!
No target in view!
No target in view!
No target in view!
No target in view!
Found 8 stones.
You see here 8 stones.
A kobold comes into view. It is wielding a +4 dagger.
The kobold shouts!
A kobold is nearby!
The kobold throws a stone.
The stone misses you. The kobold completely misses you.
You hit the kobold but do no damage. The kobold hits you with a +4 dagger!
Ouch! That really hurt!
You are too injured to fight recklessly!
You are too injured to fight recklessly!
You are too injured to fight recklessly!
You are too injured to fight recklessly!
You are too injured to fight recklessly!
You are too injured to fight recklessly!
You are too injured to fight recklessly!
You are too injured to fight recklessly!
Unknown command.
You closely miss the kobold. The kobold closely misses you.
You hit the kobold.
The kobold is moderately wounded.
The kobold hits you with a +4 dagger.
* * * LOW HITPOINT WARNING * * *
You closely miss the kobold.
The kobold is moderately wounded.
The kobold hits you with a +4 dagger.
You die...

#. #..####.#.# #.#
#.#####.......#.## #.#
.................#### #.#
...............#.... #.#
#............##...## ####.# ..#
#........(.#.#....# #....### ...#
##......##.#.....# #....... ....
#.#....#.##....#.####....###
....#.#.#..#.#.#@.............#
.....#.##..##.#..K...#......###
......##....##...............#
.....................#.......#
.............................####
......##....##......##.......#...
.....#.##..##.#.....##.......#.##
....#.#.#..#.#.#....####.###.#.#
....##.#....#.# . #.........#


You could see a kobold.

Vanquished Creatures
  2 bats (D:1)
  An endoplasm (D:1)
  A kobold (D:1)
  2 quokkas (D:1)
  2 ball pythons (D:1)
  A frilled lizard (D:1)
  2 rats (D:1)
11 creatures vanquished.

Notes
Turn   | Place    | Note
-------+----------+-------------------------------------------
     0 | D:1      | Gadfly the Spriggan Enchanter began the quest for the Orb.
     0 | D:1      | Reached XP level 1. HP: 9/9 MP: 5/5
   124 | D:1      | Found a faded altar of an unknown god.
   165 | D:1      | Reached XP level 2. HP: 13/13 MP: 6/6
   227 | D:1      | Learned a level 2 spell: Ensorcelled Hibernation
   282 | D:1      | Reached skill level 1 in Evocations
   321 | D:1      | Slain by a kobold

Illustrated notes

Levels and vault maps discovered:
D:1:      amcnicky_arrival_choice, layout_basic, ebering_ecumenical_altar_box,
          serial_shops, shop, dreamdust_princess_bridge,
          minmay_misc_feat_secret_circle, kennysheep_nondescript

Skill      XL: |  1  2 |
---------------+-------+-----
Evocations     | 1 |  1.1
Fighting       | |  0.2
Short Blades   | |  1.3
Dodging        | |  2.9
Stealth        | |  4.5
Spellcasting   | |  2.8
Hexes          | |  3.7

Action                     || total
---------------------------++-------
  Melee: Dagger            ||    26
   Stab: Sleeping          ||     5
 Armour: Robe              ||     6
  Dodge: Dodged            ||    22
